 Dungeon Crawl Stone Soup version 0.24.0-123-gd5b16e6ec5 (webtiles) character file.

Game seed: 6601736228135342516, levelgen mode: deterministic

144 FishyPogo the Skirmisher (level 5, -1/34 HPs)
             Began as a Gargoyle Chaos Knight on Jan 30, 2020.
             Was a Plaything of Xom.
             Slain by an orc priest
             ... wielding a +0 war axe
              (8 damage)
             ... on level 2 of the Dungeon.
             The game lasted 00:04:20 (1394 turns).

FishyPogo the Skirmisher (Gargoyle Chaos Knight)    Turns: 1394, Time: 00:04:21

Health: -1/34      AC: 11    Str: 17    XL:     5   Next: 27%
Magic:  5/5        EV: 11    Int: 12    God:    Xom [*.....]
Gold:   127        SH:  0    Dex:  9    Spells: 4/4 levels left

rFire    . . .     SeeInvis .   u - -2 dagger (curse)
rCold    . . .     Gourm    .   (no shield)
rNeg     + . .     Faith    .   b - +2 leather armour
rPois    ∞         Spirit   .   q - +2 hat
rElec    +         Reflect  .   (no cloak)
rCorr    +         Harm     .   (no gloves)
MR       .....                  (no boots)
Stlth    +.........             y - amulet of inaccuracy (curse)
HPRegen  0.11/turn              t - ring of resist corrosion
MPRegen  0.09/turn              (no ring)

@: very slightly contaminated
A: negative energy resistance 1, electricity resistance, unbreathing,
petrification resistance, rot immunity, AC +4
a: Renounce Religion


You were on level 2 of the Dungeon.
You worshipped Xom.
You were a special plaything of Xom.
You were not hungry.

You visited 1 branch of the dungeon, and saw 3 of its levels.

You collected 127 gold pieces.

Inventory:

Hand Weapons
 a - a +3 dagger of electrocution
 u - a cursed -2 dagger (weapon)
 w - a +1 dagger of holy wrath
Missiles
 i - 17 poisoned darts (quivered)
 k - 24 stones
 x - 3 datura-tipped darts
Armour
 b - a +2 leather armour (worn)
 l - a +0 ring mail
 q - a +2 hat (worn)
Jewellery
 t - a ring of resist corrosion (left hand)
 y - a cursed amulet of inaccuracy (around neck)
Scrolls
 r - a scroll of identify
Potions
 e - a potion of haste {unknown}
 g - a potion of experience {unknown}
 h - a potion of flight
 m - a potion of heal wounds {unknown}
 n - a potion of curing {unknown}
 o - a potion of lignification {unknown}
 s - 2 potions of agility {unknown}
Comestibles
 c - 4 rations
 d - 12 chunks of flesh


   Skills:
 + Level 4.4 Fighting
 + Level 3.8 Short Blades
 + Level 3.6 Armour
 - Level 1.0 Dodging


You had 4 spell levels left.
You didn't know any spells.
Your spell library was empty.

Dungeon Overview and Level Annotations

Branches:
Dungeon (3/15)

Altars:
Ashenzari
Makhleb
Vehumet
Xom


Innate Abilities, Weirdness & Mutations

You are resistant to torment.
Your stone body is resilient. (AC +4)
You are immune to poison.
You resist negative energy. (rN+)
You are resistant to electric shocks. (rElec)
You can survive without breathing.
You are immune to petrification.
You are immune to rotting.


Message History

You miss the orc priest.
The orc priest is severely wounded.
The orc priest closely misses you.
You closely miss the orc priest.
The orc priest is severely wounded.
The orc priest looks encouraged for a moment.
You closely miss the orc priest.
The orc priest is severely wounded.
You barely miss the orc priest.
The orc priest is severely wounded.
The orc priest closely misses you.
You hit the orc priest.
The orc priest is almost dead.
The orc priest barely misses you.
You closely miss the orc priest.
The orc priest is almost dead.
You closely miss the orc priest.
The orc priest is almost dead.
The orc priest hits you with a +0 war axe!
You die...

#.....#........#####.#....#
#.....#........'.....####.##
#.....#........####........#
#.....#........#..<........#
###.....#........#....######.#
........#........#....# #.#
###.###########..'(...# #.#
###.##############....# #.#
....†..........o@.....# #.#
....[####..........##.# #.#
...)..# #.........)##.# #.#
......###..........##.# #.#
#####..##..........##.######.#
.......###.......#...........#
........##....)..............#
........##..._..._...........#
.........#..................##


You could see an orc priest.

Vanquished Creatures
  3 gnolls (D:3)
  6 adders
  An ooze (D:2)
  A dart slug (D:2)
  2 leopard geckos
  A ball python (D:2)
  7 bats
  5 giant cockroaches (D:1)
  9 goblins
  7 hobgoblins
  3 jackals (D:1)
  2 frilled lizards (D:2)
  4 kobolds
  3 rats
54 creatures vanquished.

Notes
Turn   | Place    | Note
-------+----------+-------------------------------------------
     0 | D:1      | FishyPogo the Gargoyle Chaos Knight began the quest for the
                  | Orb.
     0 | D:1      | Reached XP level 1. HP: 14/14 MP: 1/1
    73 | D:1      | Reached XP level 2. HP: 19/19 MP: 2/2
   222 | D:1      | Reached skill level 1 in Dodging
   425 | D:1      | Reached XP level 3. HP: 16/23 MP: 3/3
   976 | D:2      | Reached XP level 4. HP: 29/29 MP: 4/4
  1008 | D:2      | Found a shattered altar of Ashenzari.
  1009 | D:2      | Found a burning altar of Makhleb.
  1010 | D:2      | Found a radiant altar of Vehumet.
  1010 | D:2      | Found a shimmering altar of Xom.
  1013 | D:2      | XOM: noise
  1017 | D:2      | Reached skill level 4 in Fighting
  1212 | D:2      | XOM: harmless Erth miscast
  1257 | D:3      | XOM: butterfly on damage
  1269 | D:3      | XOM: noise
  1270 | D:3      | XOM: potion effect (brilliance)
  1293 | D:3      | Reached XP level 5. HP: 10/34 MP: 5/5
  1359 | D:3      | Noticed an orc warrior
  1394 | D:2      | Slain by an orc priest

Levels and vault maps discovered:
D:1:      eino_arrival_tree_alley, layout_loops_ring, minmay_worlds_worst_comb
D:2:      layout_basic, grunt_temple_overflow_open, first_ration,
          roderic_serpentine_path
D:3:      layout_loops_cross

Skill      XL: |  1  2  3  4 |
---------------+-------------+-----
Short Blades   | 3 |  3.8
Dodging        | 1 |  1.0
Armour         | 3 |  3.6
Fighting       | 4 |  4.4

Action                   |  1- 3 |  4- 6 || total
-------------------------+-------+-------++-------
Melee: Short sword       |     8 |       ||     8
       Dagger            |    84 |    82 ||   166
Throw: Dart              |       |    14 ||    14
  Use: Scroll            |       |     5 ||     5
  Eat: Chunk             |       |     2 ||     2
Armor: Leather armour    |    28 |    31 ||    59
Dodge: Dodged            |    54 |    33 ||    87
